 Dungeon Crawl Stone Soup version 0.22-a0-282-gdd34a7d (webtiles) character file.

25 nikopol the Firebug (level 2, 0/15 HPs)
             Began as a Deep Elf Fire Elementalist on Mar 17, 2018.
             Slain by a goblin
             ... wielding a +0 club
              (5 damage)
             ... on level 1 of the Dungeon.
             The game lasted 00:02:22 (710 turns).

nikopol the Firebug (Deep Elf Fire Elementalist)     Turns: 710, Time: 00:02:23

Health: 0/15       AC:  2    Str:  5    XL:     2   Next: 86%
Magic:  1/8        EV: 13    Int: 19    God:
Gold:   64         SH:  0    Dex: 15    Spells: 4/7 levels left

rFire    . . .     SeeInvis .   (no weapon)
rCold    . . .     Gourm    .   (no shield)
rNeg     . . .     Faith    .   a - +0 robe
rPois    .         Spirit   .   (no helmet)
rElec    .         Reflect  .   (no cloak)
rCorr    .         Harm     .   (no gloves)
MR       .....                  (no boots)
Stlth    ++........             (no amulet)
HPRegen  0.05/turn              (no ring)
MPRegen  0.11/turn              (no ring)

@: very slightly contaminated
A: no striking features
a: no special abilities


You were on level 1 of the Dungeon.
You were not hungry.

You visited 1 branch of the dungeon, and saw 1 of its levels.

You collected 64 gold pieces.

Inventory:

Armour
 a - a +0 robe (worn)
Scrolls
 f - 3 scrolls of identify {unknown}
 h - 2 scrolls of remove curse {unknown}
 l - a scroll of random uselessness {unknown}
Potions
 b - 2 potions of cancellation {unknown}
 e - 3 potions of might {unknown}
 g - 2 potions of brilliance {unknown}
 i - a potion of agility {unknown}
 j - a potion of berserk rage {unknown}
 k - 2 potions of lignification {unknown}
Comestibles
 c - 2 rations
 d - 3 chunks of flesh


   Skills:
 + Level 2.5 Dodging
 + Level 3.0 Stealth
 + Level 3.4 Spellcasting
 + Level 1.4 Conjurations
 + Level 3.8 Fire Magic


You had 4 spell levels left.
You knew the following spells:

 Your Spells              Type           Power        Failure   Level  Hunger
a - Flame Tongue          Conj/Fire      ##...        4%          1    None
b - Throw Flame           Conj/Fire      ##....       8%          2    ##.....


Dungeon Overview and Level Annotations

Branches:
Dungeon (1/15)

Altars:
Ashenzari


Message History

Unknown command.
You see here a club.
The jackal completely misses you. The jackal closely misses you.
The goblin barely misses you.
The jackal bites you but does no damage.
The goblin hits you but does no damage. The goblin hits you with a club.
The jackal barely misses you. The jackal barely misses you.
The jackal misses you.
Casting: Flame Tongue (safe; 4% risk of failure)
Confirm with . or Enter, or press ? or * to list all spells.
Aiming: Flame Tongue (safe; 4% risk of failure)
Press: ? - help, Shift-Dir - straight line, f - jackal
Aim: a jackal The flame tongue hits the jackal.
The jackal is heavily wounded.
The jackal bites you. The goblin hits you with a club.
You die...

#####.... ........# #####.#
.......... #.....#### .........#
###.#......# .........#
#...#......# .........#
#...#......# ........#
#(..#......# #####
........###...#..†...#######...#
#####>.......gh@................
#.........g....)............
#.###†#...##.(.#########....
##.###.#...###### #....
#....).#...# #.... #....###...#
#...# #....# #...# ##### #....#
##### #....#


You could see a jackal and 2 goblins.

Vanquished Creatures
  A dart slug (D:1)
  A leopard gecko (D:1)
  3 bats (D:1)
  3 goblins (D:1)
  3 hobgoblins (D:1)
  2 jackals (D:1)
  2 kobolds (D:1)
  7 rats (D:1)
22 creatures vanquished.

Notes
Turn   | Place    | Note
-------+----------+-------------------------------------------
     0 | D:1      | nikopol the Deep Elf Fire Elementalist began the quest for the Orb.
     0 | D:1      | Reached XP level 1. HP: 10/10 MP: 6/6
   210 | D:1      | Found a shattered altar of Ashenzari.
   263 | D:1      | Reached XP level 2. HP: 15/15 MP: 4/8
   407 | D:1      | Learned a level 2 spell: Throw Flame
   710 | D:1      | Slain by a goblin

Vault maps used:
D:1:      minmay_arrival_open_corners, nicolae_ashenzari_panopticon

Skill      XL: |  1  2 |
---------------+-------+-----
Stealth        | 3 |  3.0
Dodging        | |  2.5
Spellcasting   | |  3.4
Conjurations   | |  1.4
Fire Magic     | |  3.8

Action                   || total
-------------------------++-------
 Cast: Flame Tongue      ||    39
Armor: Robe              ||     3
Dodge: Dodged            ||    27

Table legend:
 A = Spawn XP
 B = Non-spawn XP
 C = Spawn XP percentage of total XP
 D = Spawn monster count
 E = Non-spawn monster count
 F = Spawn count percentage of total count
 G = Total turns spent on level
                    A         B        C        D         E        F      G
               +---------+---------+-------+---------+---------+-------+---------
         Total |       0 |      37 |   0.0 |       0 |      22 |   0.0 |   710
               +---------+---------+-------+---------+---------+-------+---------
           D:1 |       0 |      37 |   0.0 |       0 |      22 |   0.0 |   710
               +---------+---------+-------+---------+---------+-------+---------
